 Dungeon Crawl Stone Soup version 0.19.1 (webtiles) character file.

272 NoWolfie the Bolt Thrower (level 6, 0/44 HPs)
             Began as a Human Wanderer on Nov 27, 2016.
             Slain by a worker ant (3 damage)
             ... on level 4 of the Dungeon.
             The game lasted 00:16:58 (2079 turns).

NoWolfie the Bolt Thrower (Human Wanderer)          Turns: 2079, Time: 00:16:59

Health: 0/44       AC:  2    Str: 15    XL:     6   Next: 48%
Magic:  6/6        EV: 13    Int: 11    God:
Gold:   105        SH:  4    Dex: 13    Spells: 0 memorised, 5 levels left

rFire  . . .     SeeInvis .     a - +2 hand crossbow
rCold  . . .     Gourm    .     e - +0 robe
rNeg   + . .     Faith    .     d - +0 buckler
rPois  .         Spirit   .     (no helmet)
rElec  .         Reflect  .     (no cloak)
rCorr  .         Harm     .     (no gloves)
MR     +....                    (no boots)
Stlth  ++........               (no amulet)
                                t - ring of positive energy
                                q - ring of protection from magic

@: flying
A: no striking features
a: no special abilities


You were on level 4 of the Dungeon.
You were not hungry.

You visited 1 branch of the dungeon, and saw 4 of its levels.

You collected 105 gold pieces.

Inventory:

Hand Weapons
 a - a +2 hand crossbow (weapon)
 c - a +0 mace
Missiles
 b - 61 bolts (quivered)
 o - 3 poisoned needles
Armour
 d - a +0 buckler (worn)
 e - a +0 robe (worn)
Jewellery
 q - a ring of protection from magic (left hand)
 t - a ring of positive energy (right hand)
Scrolls
 g - a scroll of teleportation {unknown}
 n - 2 scrolls of remove curse {unknown}
 p - a scroll of recharging {unknown}
 v - 3 scrolls of identify {unknown}
Potions
 h - a potion of flight
 i - a potion of degeneration {unknown}
 j - a potion of brilliance {unknown}
 s - a potion of mutation {unknown}
 x - a potion of ambrosia {unknown}
Comestibles
 f - 3 bread rations
 m - a fruit
 r - a meat ration
 w - a beef jerky


   Skills:
 - Level 2.0 Fighting
 * Level 3.9 Crossbows
 - Level 1.0 Armour
 * Level 3.5 Dodging
 + Level 2.4 Stealth
 - Level 1.0 Shields
 + Level 3.0 Unarmed Combat
   Level 1.0 Evocations


You had 5 spell levels left.
You didn't know any spells.

Dungeon Overview and Level Annotations

Branches:
Dungeon (4/15)
 Temple: D:4-7

Altars:
Gozag
Qazlal

Annotations:
D:3 Sigmund
D:4 TheSquall's ghost, amateur DECj


Message History

TheSquall's ghost keens inconsolably.
You feel sick.
You are no longer poisoned.
TheSquall's ghost wails.
It was a potion of resistance.
You feel protected.
TheSquall's ghost hits you but does no damage.
TheSquall's ghost shouts, "They lied to you.
The Dungeon just goes down and down forever."
You see here a leopard gecko corpse.
The worker ant bites you.
* * * LOW HITPOINT WARNING * * *
It was a potion of cancellation.
Your magical effects are unravelling.
You feel magically purged.
Your resistance to elements expires.
TheSquall's ghost barely misses you. You block the worker ant's attack.
It was a potion of flight.
You feel very buoyant.
You fly up into the air.
The worker ant bites you.
You die...

#<# #.# ####### #.# #.....#
#.# #.....# #†#
############.....####.##
...........'.....'..>...
#######'####.....#......
#......@..##.....#......
####.....Wa..##............
#............##............
#.........†..##............
#............######....).).
#............# #####.)..
#............# #.)..
#............#### #.PP.
#..(....(...(.(.## ##P.)


You could see a worker ant and TheSquall's ghost.

Vanquished Creatures
  The ghost of tschems the Chopper, an amateur HuBe of Trog (D:3)
  An orc wizard (D:3)
  4 adders
  3 oozes
  A worm (D:3)
  3 dart slugs
  4 leopard geckos
  3 orcs (D:3)
  A ball python (D:1)
  5 bats
  3 giant cockroaches
  4 goblins
  2 hobgoblins
  2 quokkas
  2 frilled lizards (D:2)
  4 kobolds
  8 rats
51 creatures vanquished.

Notes
Turn   | Place    | Note
-------+----------+-------------------------------------------
     0 | D:1      | NoWolfie the Human Wanderer began the quest for the Orb.
     0 | D:1      | NoWolfie set off with: a +2 hand crossbow, 24 bolts, a +0 mace, a +0 buckler, a +0 robe, a bread ration
     0 | D:1      | Reached XP level 1. HP: 16/16 MP: 1/1
    63 | D:1      | Reached XP level 2. HP: 22/22 MP: 2/2
   306 | D:1      | Reached XP level 3. HP: 27/27 MP: 3/3
   549 | D:2      | Reached skill level 1 in Stealth
   549 | D:2      | Reached XP level 4. HP: 24/33 MP: 4/4
   956 | D:3      | Noticed tschems's ghost (amateur HuBe)
   980 | D:3      | Killed tschems's ghost
   980 | D:3      | Reached XP level 5. HP: 4/38 MP: 5/5
   980 | D:3      | Reached XP level 6. HP: 5/44 MP: 6/6
  1545 | D:3      | Found a stormy altar of Qazlal.
  1690 | D:3      | Found an opulent altar of Gozag.
  1979 | D:3      | Noticed Sigmund
  2046 | D:4      | Noticed TheSquall's ghost (amateur DECj)
  2077 | D:4      | HP: 2/44 [worker ant (6)]
  2079 | D:4      | Slain by a worker ant

Skill      XL: |  1  2  3  4  5  6 |
---------------+-------------------+-----
Dodging        | 2 3 |  3.5
Stealth        | 1 2 |  2.4
Crossbows      | 3 |  3.9
Unarmed Combat | 3 |  3.0
Fighting       | |  2.0
Armour         | |  1.0
Shields        | |  1.0
Evocations     | |  1.0

Action                   |  1- 3 |  4- 6 || total
-------------------------+-------+-------++-------
Melee: Hand crossbow     |     2 |     3 ||     5
 Fire: Hand crossbow     |    50 |    89 ||   139
  Use: Potion            |       |     4 ||     4
       Scroll            |       |     1 ||     1
  Eat: Fruit             |       |     2 ||     2
       Pizza             |       |     1 ||     1
Armor: Robe              |     4 |     7 ||    11
Dodge: Dodged            |    18 |    27 ||    45
Block: Buckler           |     5 |    14 ||    19
